 Dungeon Sprint DCSS version 0.30-a0-451-ge042605de7 (webtiles) character file.

Game seed: 9484187755583792180

8998 rocky1 the Executioner (level 11, -5/123 HPs)
             Began as an Ogre Berserker on Dec 12, 2022.
             Was the Champion of Trog.
             Slain by a vampire mosquito (9 damage)
             ... while paralysed by a floating eye
             ... in the Dungeon (Sprint VII: "The Pits").
             The game lasted 00:08:28 (2583 turns).

rocky1 the Executioner (Ogre Berserker)             Turns: 2583, Time: 00:08:28

Health: -5/123     AC:  4    Str: 27    XL:     11   Next: 39%
Magic:  3/3        EV:  1    Int:  8    God:    Trog [******]
Gold:   17         SH:  0    Dex: 14    Spells: 10/10 levels left

rFire   . . .      SeeInvis .    n - +7 executioner's axe (antimagic)
rCold   . . .      Faith    .    (shield currently unavailable)
rNeg    . . .      Spirit   .    b - +0 animal skin
rPois   .          Reflect  .    (helmet restricted)
rElec   .          Harm     .    l - +0 cloak
rCorr   .          Rampage  .    (gloves unavailable)
Will    +++..      NoTele   +    (boots unavailable)
Stlth   +.........               (no amulet)
HPRegen 1.40/turn                o - +3 ring of dexterity
MPRegen 0.08/turn                p - +3 ring of dexterity

@: paralysed, strong-willed (expiring), regenerating (expiring)
A: large, unfitting armour, tough skin 1
a: Renounce Religion, Berserk, Trog's Hand, Brothers in Arms


You were in the Dungeon.
You worshipped Trog.
Trog was exalted by your worship.
You visited 1 branch You collected 17 gold pieces.

Inventory:

Hand Weapons
 a - a +0 hand axe
 i - a +2 hand axe
 m - a +4 vorpal hand axe
 n - a +7 antimagic executioner's axe (weapon)
 s - a +1 vorpal broad axe
 t - a +4 antimagic lajatang
 x - a +2 vorpal battleaxe
Missiles
 u - 5 curare-tipped darts (quivered)
 v - 6 large rocks
Armour
 b - a +0 animal skin (worn)
 l - a +0 cloak (worn)
Jewellery
 o - a +3 ring of dexterity (left hand)
 p - a +3 ring of dexterity (right hand)
Wands
 k - a wand of flame (13)
Scrolls
 h - a scroll of blinking
 w - a scroll of butterflies
Potions
 c - 10 potions of curing
 d - 4 potions of heal wounds
 e - a potion of haste
 f - 4 potions of magic
 g - 2 potions of berserk rage
 j - 2 potions of invisibility
 q - a potion of might
 r - a potion of mutation


   Skills:
 - Level 11.9 Fighting
 * Level 23.7 Axes
 + Level 3.3 Throwing
 - Level 8.4 Dodging


You had 10 spell levels left.
You didn't know any spells.
Your spell library was empty.

Dungeon Overview and Level Annotations

Branches:
Dungeon (1/1)

Altars:


Innate Abilities, Weirdness & Mutations

You are too large for most types of armour.
You have tough skin. (AC +1)


Message History

Something hits your iron troll.
Your iron troll bites the vampire mosquito!!!
The vampire mosquito is destroyed!
Trog accepts your kill. Trog grants you a weapon!
Something appears at your feet!
You see here a +4 vorpal hand axe.
Something barely misses your iron troll.
The vampire mosquito bites you.
* * * LOW HITPOINT WARNING * * *
The vampire mosquito draws strength from your injuries!
The vampire mosquito bites you.
* * * LOW HITPOINT WARNING * * *
The vampire mosquito draws strength from your injuries!
Something hits your iron troll.
Something hits your iron troll but does no damage.
The lindwurm bites your iron troll but does no damage.
The lindwurm claws your iron troll but does no damage. x2
The hellwing hits you.
* * * LOW HITPOINT WARNING * * *
The hellwing hits you!
* * * LOW HITPOINT WARNING * * *
Your iron troll bites the floating eye!!
The floating eye dies!
Trog accepts your kill. The vampire mosquito bites you!
* * * LOW HITPOINT WARNING * * *
The vampire mosquito draws strength from your injuries!
The vampire mosquito bites you but does no damage.
The ynoxinul gestures.
The hellwing hits you but does no damage. x2
The lindwurm bites your iron troll. The lindwurm claws your iron troll.
The lindwurm claws your iron troll!
Something barely misses your iron troll.
Something hits your iron troll but does no damage.
Something bites your iron troll.
Your iron troll bites the lindwurm.
Your iron troll claws the lindwurm but does no damage.
Your iron troll barely misses the lindwurm.
You feel the effects of Trog's Hand fading.
The vampire mosquito bites you!
You die...

########## ########## ##
..'..'...###........###..
..'..'.....##......##...
.##..##.....##....# ..# #
##....###....#....#55...
........###.###..##m#.#.#
..#..#..÷#))..#).#35....#
........÷+....'.y5TkY...+
..#..#..)#....#4@#§w5...#
........###.###..##.#4#.#
##....###....#....#.Y...
.##..##.....##....# Y.# #
..+..'.....##......##...
..+.))...###........###..
########## ########## ##


You could see an elephant, a merfolk, a lindwurm (ally target), a hellwing, a
ynoxinul, a vampire mosquito, 4 ufetubi and a friendly iron troll (summoned,
berserk).

Vanquished Creatures
  Sonja (D)
  A swamp dragon (D)
  A deep elf pyromancer (D)
  2 cyclopes (D)
  Maurice (D)
  Psyche (D)
  An efreet (D)
  A polar bear (D)
  7 dream sheep (D)
  A snapping turtle (D)
  A wraith (D)
  2 basilisks (D)
  A vampire mosquito (D)
  A floating eye (D)
  2 water moccasins (D)
  An orc warrior (D)
  A swamp drake (D)
  3 ice beasts (D)
  A wolf (D)
  A centaur (D)
  A small abomination (D)
  A scorpion (D)
  A quasit (D)
  Crazy Yiuf (D)
  A mummy (D)
  A gnoll (D)
  An ufetubus (D)
  An adder zombie (D)
  2 endoplasms (D)
  A giant cockroach (D)
  3 goblins (D)
  A hobgoblin (D)
  4 jackals (D)
  A quokka (D)
  A frilled lizard (D)
  A rat (D)
53 creatures vanquished.

Vanquished Creatures (collateral kills)
  A two-headed ogre (D)
  A flayed ghost (D)
  A wizard (D)
  A demonic crawler (D)
  A hornet (D)
  A large abomination (D)
  A vampire mosquito (D)
  An acid dragon (D)
  A floating eye (D)
  A swamp drake (D)
  An ice beast (D)
  A rat (D)
12 creatures vanquished.

Grand Total: 65 creatures vanquished

Notes
Turn   | Place    | Note
-------+----------+-------------------------------------------
     0 | D        | rocky1 the Ogre Berserker began the quest for the Orb.
     0 | D        | Reached XP level 1. HP: 24/24 MP: 1/1
    11 | D        | Noticed a scorpion
    20 | D        | Killed a scorpion
    21 | D        | Reached skill level 6 in Axes
    21 | D        | Reached XP level 2. HP: 31/36 MP: 2/2
    21 | D        | Reached XP level 3. HP: 39/44 MP: 3/3
    21 | D        | Reached XP level 4. HP: 46/52 MP: 4/4
   158 | D        | Reached ** piety under Trog
   174 | D        | Noticed a floating eye
   176 | D        | Paralysed by a floating eye for 4 turns
   181 | D        | Killed a floating eye
   182 | D        | Reached skill level 8 in Axes
   182 | D        | Reached skill level 5 in Dodging
   182 | D        | Reached XP level 5. HP: 63/63 MP: 5/5
   310 | D        | Noticed Crazy Yiuf
   316 | D        | Killed Crazy Yiuf
   316 | D        | Reached *** piety under Trog
   385 | D        | Noticed a water moccasin
   386 | D        | Noticed an ice beast
   398 | D        | Reached **** piety under Trog
   408 | D        | Killed an ice beast
   409 | D        | Reached skill level 9 in Axes
   409 | D        | Reached XP level 6. HP: 76/76 MP: 6/6
   413 | D        | Killed a water moccasin
   413 | D        | Reached ***** piety under Trog
   414 | D        | Reached skill level 10 in Fighting
   414 | D        | Reached skill level 10 in Axes
   458 | D        | Noticed an ice beast
   467 | D        | Killed an ice beast
   468 | D        | Reached skill level 11 in Axes
   468 | D        | Reached XP level 7. HP: 60/87 MP: 7/7
   693 | D        | Noticed a basilisk
   697 | D        | Killed a basilisk
   838 | D        | Reached skill level 12 in Axes
   839 | D        | Received a gift from Trog
   841 | D        | Reached XP level 8. HP: 98/98 MP: 8/8
  1094 | D        | Noticed a hornet
  1102 | D        | Reached skill level 13 in Axes
  1102 | D        | Killed a hornet
  1192 | D        | Noticed a polar bear
  1206 | D        | Killed a polar bear
  1207 | D        | Reached skill level 14 in Axes
  1212 | D        | Received a gift from Trog
  1503 | D        | Noticed a cyclops
  1512 | D        | Reached skill level 15 in Axes
  1512 | D        | Noticed Psyche
  1520 | D        | Killed a cyclops
  1520 | D        | Noticed a two-headed ogre
  1521 | D        | Reached skill level 16 in Axes
  1521 | D        | Reached XP level 9. HP: 22/106 MP: 9/9
  1523 | D        | Killed a two-headed ogre
  1524 | D        | Reached skill level 17 in Axes
  1540 | D        | Killed Psyche
  1541 | D        | Reached skill level 18 in Axes
  1760 | D        | Noticed an efreet
  1760 | D        | Noticed Sonja
  1768 | D        | Killed an efreet
  1777 | D        | Killed Sonja
  1778 | D        | Reached skill level 19 in Axes
  1778 | D        | Reached XP level 10. HP: 81/115 MP: 10/10
  1910 | D        | Noticed Maurice
  1932 | D        | Killed Maurice
  1933 | D        | Reached skill level 20 in Axes
  2049 | D        | Noticed a deep elf pyromancer
  2052 | D        | HP: 6/172 [dream sheep (4)]
  2053 | D        | Identified the +8 dagger of Hahuf {flame, Str+6} (Trog
                  | gifted it to you in the Dungeon)
  2053 | D        | Received a gift from Trog
  2053 | D        | Reached ****** piety under Trog
  2054 | D        | Reached skill level 21 in Axes
  2058 | D        | Killed a deep elf pyromancer
  2059 | D        | Reached skill level 22 in Axes
  2312 | D        | Noticed a wizard
  2312 | D        | Noticed a flayed ghost
  2312 | D        | Noticed a cyclops
  2320 | D        | Received a gift from Trog
  2321 | D        | Killed a flayed ghost
  2322 | D        | Reached XP level 11. HP: 83/123 MP: 3/11
  2323 | D        | Killed a cyclops
  2323 | D        | Killed a wizard
  2324 | D        | Reached skill level 23 in Axes
  2569 | D        | Noticed a blizzard demon
  2569 | D        | Noticed a lindwurm
  2569 | D        | Noticed a swamp dragon
  2571 | D        | Paralysed by a floating eye for 2 turns
  2577 | D        | Killed a swamp dragon
  2579 | D        | Paralysed by a floating eye for 4 turns
  2580 | D        | Received a gift from Trog
  2582 | D        | HP: 3/123 [vampire mosquito (8)]
  2583 | D        | Slain by a vampire mosquito

Illustrated notes

Levels and vault maps discovered:
D:        pitsprint [storerooms_1, entrance_room_1, metal_vault_4, armoury_3,
          mini_pit_1, grid_room_1, main_hall_1, silver_pit, the_coven_3,
          the_vestibule_1, steel_vault_1, golden_pit, hallway_of_sentries,
          crystal_vault_2, iron_vault_1, final_vault]

Skill      XL: |  1  2  3  4  5  6  7  8  9 10 11 |
---------------+----------------------------------+-----
Fighting       | 6 8 9 10 11 | 11.9
Axes           | 6 8 9 11 12 16 19 22 23 | 23.7
Dodging        | 4 5 6 7 8 |  8.4
Throwing       | 3 |  3.3

Action                   |  1- 3 |  4- 6 |  7- 9 | 10-12 || total
-------------------------+-------+-------+-------+-------++-------
Melee: Hand axe          |     5 |    62 |    12 |       ||    79
       Punch             |       |     1 |       |       ||     1
       Broad axe         |       |       |    37 |    21 ||    58
       Executioner's axe |       |       |    10 |    30 ||    40
Invok: Berserk           |     1 |     3 |     3 |       ||     7
       Trog's Hand       |       |     1 |     2 |     3 ||     6
       Brothers in Arms  |       |       |     3 |     2 ||     5
  Use: Potion            |       |       |     3 |     2 ||     5
 Stab: Distracted        |       |       |       |     1 ||     1
Armor: Animal skin       |     3 |     7 |    18 |    10 ||    38
Dodge: Dodged            |     2 |    19 |    43 |    22 ||    86

Table legend: (Time is in decaauts)
 A = Elapsed time spent in this place.
 B = Non-inter-level travel time spent in this place.
 C = Inter-level travel time spent in this place.
 D = Time resting spent in this place.
 E = Time spent auto-exploring this place.
 F = Levels seen in this place.
 G = Mean time per level.
                   A        B        C        D        E       F      G
               +--------+--------+--------+--------+--------+-----+--------+
         Total |   2628 |   2570 |     58 |   2005 |      0 |   1 | 2628.0 |
       Dungeon |   2628 |   2570 |     58 |   2005 |      0 |   1 | 2628.0 |
               +--------+--------+--------+--------+--------+-----+--------+

Top non-repeatable levels by time:
       D: 2628 daAuts
